Cogmind - Beta 14 @@@ ROGUE MODE // 2024.09.05 @ 20:58:43 Player: CatgirlLyra Result: Destroyed by G-67 Veteran with Field Laser Performance ------------- Evolutions (6) 3000 Regions Visited (23) 4600 Robots Destroyed (421) 2105 Value Destroyed (22505) 22505 Prototype IDs (35) 700 Alien Tech Used (0) 0 Bonus (11141) 11141 TOTAL SCORE: 44051 Bonus ------- High Alert Combat Kills 4369 Follower Combat Kills 2562 Entered Garrisons 1800 Used RIF Installer 3500 Friendly Fire -1090 Cogmind --------- Core Integrity 0/1150 Matter 85/300 Energy 66/100 System Corruption 11% Temperature Cool (0) Movement Walking (470) Ox5 Location -4/Garrison Parts ------- > --- POWER (2) -------- (None) > --- PROPULSION (5) --- Armored Leg > --- UTILITY (9) ------ Huge Storage Unit Advanced Terrain Scan Processor Targeting Computer Graphene Brace > --- WEAPON (3) ------- KE Penetrator > --- INVENTORY (25) --- Advanced Cooling System Transmission Jammer Improved Force Field Advanced Hacking Suite Relay Coupler [NC] (31) Relay Coupler [NC] (35) Relay Coupler [NC] (25) Relay Coupler [Heavy] (15) Enhanced Gauss Cannon Advanced Datajack Peak State ------------ > --- POWER ------------ Cold Fusion Reactor Particle Reactor > --- PROPULSION ------- Armored Leg Enhanced Flexi-carbon Leg Enhanced Flexi-carbon Leg Enhanced Flexi-carbon Leg Enhanced Flexi-carbon Leg > --- UTILITY ---------- Advanced Cooling System Huge Storage Unit Transmission Jammer Layered Heavy Armor Plating Advanced Shield Generator Relay Coupler [Sentry] > --- WEAPON ----------- Wave Gun Phase Gun Improved Remote Datajack > --- INVENTORY -------- Antimatter Reactor Light Antimatter Reactor Improved Treads Improved Treads Medium Treads Improved Heavy Treads Compact Wheel Compact Wheel Advanced Cooling System Advanced Cooling System High-capacity Matter Pod Layered Heavy Armor Plating Graphene Brace Improved Thermal Defense Suite Improved Force Field Relay Coupler [Heavy] High-powered Tractor Beam Coil Gun Mass Driver Enhanced Gauss Cannon Heavy Rocket Launcher Heavy Rocket Launcher Rocket Array [Rating: 111] Favorites ----------- Power Antimatter Reactor Engine Cooled Ion Engine Power Core Neutrino Core Reactor Antimatter Reactor Propulsion Improved Treads Treads Improved Treads Leg Enhanced Flexi-carbon Leg Wheel Compact Wheel Utility Huge Storage Unit Device Improved Cooling System Storage Huge Storage Unit Processor Targeting Computer Hackware Relay Coupler [NC] Protection Layered Heavy Armor Plating Weapon Advanced Beam Rifle Energy Gun Advanced Beam Rifle Energy Cannon Cooled Particle Cannon Ballistic Gun Gauss Rifle Ballistic Cannon Heavy Linear Accelerator Launcher Improved Grenade Launcher Special Weapon Remote Datajack Slashing Weapon Axe Special Melee Weapon Improved Datajack Build | -11 -10 -9 -9 -8 -8 -8 -8 -7 -7 -7 -7 -6 -6 -6 -6 -5 -5 -5 -5 -5 -5 -4 -4 ------- Run | Yrd Mat Mat Min Mat Gar Mat Gar Fac Gar Fac Gar Fac Was Fac Gar Fac Gar Fac Gar Fac Gar Fac Gar Slots Evolved 12 | . . 2 . 2 . . . 2 . . . 2 . . . 2 . . . . . 2 . Power 1 | . . . . . . . . . . . . . . . . 1 . . . . . . . Propulsion 3 | . . 1 . . . . . 1 . . . 1 . . . . . . . . . . . Utility 7 | . . 1 . 1 . . . 1 . . . 1 . . . 1 . . . . . 2 . Weapon 1 | . . . . 1 . . . . . . . . . . . . . . . . . . . Parts Attached 547 | 6 9 17 7 34 19 21 27 21 32 13 37 26 13 . 18 7 34 30 24 91 34 4 23 Power 26 | 1 1 1 . 1 1 2 2 . 2 . 4 . 1 . . 1 . . 1 5 2 . 1 Engine 14 | 1 1 1 . 1 1 2 2 . 1 . 2 . . . . . . . . 1 . . 1 Core 3 | . . . . . . . . . . . 2 . . . . . . . . 1 . . . Reactor 9 | . . . . . . . . . 1 . . . 1 . . 1 . . 1 3 2 . . Propulsion 99 | 2 2 4 1 9 6 3 5 3 8 . 6 5 2 . 3 . 3 . 3 18 6 . 10 Treads 72 | 2 2 4 1 9 6 3 5 3 8 . 6 3 1 . 3 . 3 . 3 3 6 . 1 Leg 19 | . . . . . . . . . . . . 2 1 . . . . . . 7 . . 9 Wheel 8 | . . . . . . . . . . . . . . . . . . . . 8 . . . Hover . | . . . . . . . . . . . . . . . . . . . . . . . . Flight . | . . . . . . . . . . . . . . . . . . . . . . . . Utility 163 | 1 4 4 6 8 3 6 6 4 12 4 7 8 4 . 8 3 13 12 4 28 13 2 3 Device 68 | . . . 2 5 1 1 4 1 4 1 1 6 2 . 1 1 5 3 1 20 7 2 . Storage 8 | 1 2 . 1 1 . . . . . 1 . . . . . . . . . 2 . . . Processor 5 | . . . 1 . . . . . 2 . . . . . . . . . . . 1 . 1 Hackware 40 | . . . . . . 2 1 2 3 2 5 . 1 . 6 . 6 4 2 3 1 . 2 Protection 42 | . 2 4 2 2 2 3 1 1 3 . 1 2 1 . 1 2 2 5 1 3 4 . . Artifact . | . . . . . . . . . . . . . . . . . . . . . . . . Weapon 259 | 2 2 8 . 16 9 10 14 14 10 9 20 13 6 . 7 3 18 18 16 40 13 2 9 Energy Gun 62 | 2 2 4 . 10 3 2 4 3 5 1 3 1 3 . . . 2 3 5 7 2 . . Energy Cannon 6 | . . . . . . 1 . 1 . 2 . . . . . . . . . . . 1 1 Ballistic Gun 88 | . . 2 . 4 4 5 4 4 1 2 7 5 2 . 3 1 9 8 6 12 5 1 3 Ballistic Cannon 9 | . . . . . . . . 1 . . 2 1 . . 1 . . . . . 3 . 1 Launcher 29 | . . 2 . 2 2 . 4 1 . 1 1 2 . . 1 . 2 . . 5 3 . 3 Special Weapon 60 | . . . . . . . 1 3 4 3 7 4 1 . 2 2 4 7 5 16 . . 1 Impact Weapon . | . . . . . . . . . . . . . . . . . . . . . . . . Slashing Weapon 1 | . . . . . . . . . . . . . . . . . 1 . . . . . . Piercing Weapon . | . . . . . . . . . . . . . . . . . . . . . . . . Special Melee Weapon 4 | . . . . . . 2 1 1 . . . . . . . . . . . . . . . Unidentified Prototypes 22 | . . 2 1 4 . 1 . 3 . 1 . 3 . . . . 1 . . 5 . 1 . Corrupted Parts 1 | . . . . . . . . . . . . . . . . . . . . . . . 1 System Corruption 7 | . . . . . . . . . . . . . . . . . . . . . . . 7 Parts Lost 96 | . 1 2 1 4 3 . 6 . 3 . 4 6 . . 2 . 1 3 2 16 11 3 28 Power 8 | . . . . . . . 1 . . . 1 . . . . . . . . 1 2 . 3 Propulsion 36 | . . . . 1 1 . 2 . 3 . . 4 . . . . . 1 1 6 3 1 13 Utility 33 | . 1 2 1 1 2 . 2 . . . 2 2 . . 2 . 1 1 1 4 4 1 6 Weapon 19 | . . . . 2 . . 1 . . . 1 . . . . . . 1 . 5 2 1 6 Highest Loss Streak 27 | . 1 2 1 2 2 . 2 . 2 . 2 3 . . 1 . 1 2 1 6 4 2 27 To Critical Strikes 2 | . . . . . . . . . . . . . . . . . . . 1 1 . . . Average Slot Usage (%) 88 | . 97 95 99 98 99 98 89 91 86 76 81 75 85 86 79 82 87 85 83 83 93 90 83 Engine 4 | . 14 11 11 8 9 9 9 7 6 . 2 . . . . . . . . 1 . . . Reactor 3 | . . . . . . . . . . 7 . . 4 6 6 11 11 11 11 6 10 10 7 Treads 21 | . 28 30 32 26 26 27 27 29 25 15 21 15 11 13 17 17 16 14 15 5 11 26 18 Leg 1 | . . . . . . . . . . . . 4 7 6 2 . . . . 7 16 . 2 Device 10 | . . . 9 12 18 12 7 1 8 6 2 5 10 13 13 11 16 11 10 13 20 27 20 Storage 7 | . 14 11 11 9 9 9 9 7 7 7 7 6 6 6 6 5 5 5 5 5 5 5 5 Hackware 6 | . . . . . . 6 1 13 5 7 11 13 8 6 11 11 9 16 14 8 2 . 5 Protection 8 | . 12 20 11 13 8 6 9 7 6 7 7 8 13 13 6 10 7 4 4 5 3 . . Energy Gun 10 | . 27 12 11 16 19 17 13 12 9 14 8 . 5 6 1 . 10 10 10 10 4 . . Energy Cannon 1 | . . . . . . . . 2 7 5 2 . . . . . . . . . . . 3 Ballistic Gun 5 | . . 8 11 10 6 5 12 4 4 . 4 2 5 6 4 3 4 2 5 2 5 5 6 Ballistic Cannon 1 | . . . . . . . . . . . 1 5 . . 5 5 . . . . 5 9 1 Special Weapon 1 | . . . . . . . . 2 . 1 4 2 5 6 . 1 . 2 . 2 . . . Peak Build Rating 111 | 6 14 26 29 39 39 45 50 58 88 87 87 93 87 85 94 98 105 105 107 111 110 96 100 Average Rating 66 | 4 11 21 23 35 37 38 46 54 72 86 73 77 81 85 88 95 100 98 100 94 95 88 78 On Entrance 64 | . 6 14 23 24 39 37 45 50 58 87 85 74 78 85 85 85 95 105 94 107 110 85 87 Naked Turns . | . . . . . . . . . . . . . . . . . . . . . . . . Heaviest Build 173 | 12 38 54 42 117 109 120 122 124 134 134 146 155 155 139 159 173 158 151 164 165 156 146 146 Greatest Support 173 | 40 46 68 66 66 62 64 76 99 150 150 150 170 145 145 165 163 173 173 168 168 127 127 109 Greatest Overweight (x) 9 | 1 . 1 . 1 2 1 1 1 1 . 1 2 2 . 1 1 1 . 1 9 1 1 5 Average Overweight (x) . | . . . . . 1 1 1 1 . . . 1 . . . . . . . 1 1 1 1 Largest Inventory Capacity 25 | 8 15 15 15 25 25 25 25 25 25 25 25 25 25 25 25 25 25 25 25 25 25 25 25 Average Capacity 23 | 7 11 15 15 21 25 25 25 25 25 25 25 25 25 25 25 25 25 25 25 25 25 25 25 Most Carried 25 | 4 15 15 15 25 25 25 25 25 25 25 25 25 25 25 25 25 25 25 25 25 25 25 24 Average Carried 22 | 2 10 14 15 19 24 24 24 24 24 24 24 22 24 25 24 23 24 24 24 23 22 23 20 Final Capacity 25 | 8 15 15 15 25 25 25 25 25 25 25 25 25 25 25 25 25 25 25 25 25 25 25 25 Final Carried 25 | 4 15 15 15 25 25 25 25 24 25 25 25 24 25 25 25 25 25 23 25 25 21 25 10 Class Distribution -------------------- 31% | Bothacker-Tank 18% | Tank 17% | Botlord-Tank 15% | Scavenger-Tank 10% | Mutant Dominant Class ---------------- Mutant | -10/Materials Mutant | -9/Materials Mutant | -9/Mines Tank | -8/Materials Scavenger-Tank | -8/Garrison Bothacker-Mutant | -8/Materials Bothacker-Tank | -8/Garrison Bothacker-Tank | -7/Factory Scavenger-Tank | -7/Garrison Bothacker-Tank | -7/Factory Bothacker-Tank | -7/Garrison Bothacker-Tank | -6/Factory Bothacker-Tank | -6/Waste Bothacker-Tank | -6/Factory Bothacker-Tank | -6/Garrison Botlord-Tank | -5/Factory Botlord-Tank | -5/Garrison Botlord-Tank | -5/Factory Botlord-Tank | -5/Garrison Tank | -5/Factory Scavenger-Tank | -5/Garrison Scavenger-Gunner | -4/Factory Botlord-Gunner | -4/Garrison Resources | -11 -10 -9 -9 -8 -8 -8 -8 -7 -7 -7 -7 -6 -6 -6 -6 -5 -5 -5 -5 -5 -5 -4 -4 ----------- Run | Yrd Mat Mat Min Mat Gar Mat Gar Fac Gar Fac Gar Fac Was Fac Gar Fac Gar Fac Gar Fac Gar Fac Gar Matter Collected 13695 | 205 153 346 401 743 391 444 666 214 746 309 988 1000 701 . 1003 540 649 447 829 1628 843 111 338 Remotely 502 | . . . . . . . . . . . . . . . . . . . . 133 341 28 . Salvage Created 18570 | . 259 984 157 1390 978 775 684 501 1195 155 1131 604 1761 . 809 24 1347 494 1055 2515 849 198 705 Parts 752 | . 22 50 13 73 63 32 40 28 23 6 51 22 26 . 29 5 42 23 29 95 39 8 33 Haulers Intercepted 18 | . 2 3 . 5 . 3 . . . 1 . . . . . . . . . 3 . 1 . Recyclers Shooed 7 | . 1 2 . 1 . . . . . . . . . . . . . 1 . 2 . . . Parts Field Recycled . | . . . . . . . . . . . . . . . . . . . . . . . . Retrieved Matter . | . . . . . . . . . . . . . . . . . . . . . . . . Parts Self-Destructed . | . . . . . . . . . . . . . . . . . . . . . . . . Prevented . | . . . . . . . . . . . . . . . . . . . . . . . . Kills | -11 -10 -9 -9 -8 -8 -8 -8 -7 -7 -7 -7 -6 -6 -6 -6 -5 -5 -5 -5 -5 -5 -4 -4 ------- Run | Yrd Mat Mat Min Mat Gar Mat Gar Fac Gar Fac Gar Fac Was Fac Gar Fac Gar Fac Gar Fac Gar Fac Gar Combat Hostiles Destroyed 341 | . 8 19 4 24 32 9 27 12 8 2 28 18 6 . 27 1 20 9 9 33 27 1 17 Melee 1 | . . . . . . . . . . . . . . . . . . . 1 . . . . Guns 181 | . 8 11 4 18 28 9 14 7 4 2 13 1 6 . 3 . 12 9 7 16 7 . 2 Cannons 50 | . . . . . . . . 2 4 . 12 10 . . 15 1 . . . . 5 . 1 AOE 104 | . . 8 . 5 4 . 13 3 . . 3 7 . . 9 . 8 . . 15 15 . 14 Classes Destroyed 24 | . 5 4 1 3 3 1 2 . 1 . . 1 1 . . . . . 1 . . 1 . Worker 28 | . 2 4 . 2 . 2 . 4 . . . 2 . . . . . 1 . 10 . 1 . Builder 10 | . . . . 2 . . . . . 1 . . . . . 1 . 2 . 4 . . . Tunneler 4 | . . 1 . . . . . . . . . 1 . . . . . . . 1 . 1 . Hauler 18 | . 2 3 . 5 . 3 . . . 1 . . . . . . . . . 3 . 1 . Recycler 8 | . . 2 . 1 . 1 . . . . . . . . . . . . . 4 . . . Mechanic 1 | . . . . . . . . . . . . . . . . . . . . . . 1 . Operator 3 | . . 2 . 1 . . . . . . . . . . . . . . . . . . . Watcher 9 | . 2 3 . 2 . 1 . . . . . . . . . . . . . 1 . . . Swarmer 87 | . 6 . . 4 17 . 11 3 . . 12 . . . 8 1 11 3 3 3 4 . 1 Cutter 2 | . . . . . . . 2 . . . . . . . . . . . . . . . . Saboteur 2 | . . . . . . . . . . . . . . . . . . . 2 . . . . Grunt 128 | . 2 15 3 13 4 6 11 4 4 2 1 6 . . 15 . 6 1 . 15 12 1 7 Brawler 9 | . . . . . . 1 . . . . 1 3 . . 2 . . . 1 . 1 . . Duelist 7 | . . . 1 . . . . . . . . 1 . . . . . . 1 2 1 . 1 Protector 3 | . . . . . 1 . . . . . . 1 . . . . . . . 1 . . . Sentry 32 | . . 4 . 4 6 1 1 1 1 . 6 1 . . 1 . 2 1 . 2 . . 1 Demolisher 4 | . . . . . 1 . . . . . . 2 . . . . . . . 1 . . . Specialist 4 | . . . . . . . . . 2 . . . . . . . . . . . . . 2 Hunter 27 | . . . . 2 2 1 . 1 . . 3 2 . . . . . 2 1 3 8 . 2 Programmer 24 | . . . . . 1 . 1 3 . . 5 . . . 1 . 1 2 1 6 . . 3 Heavy 1 | . . . . 1 . . . . . . . . . . . . . . . . . . . Behemoth 3 | . . . . . . . 1 . 1 . . . . . . . . . . . 1 . . Compactor 6 | . . . . . . . . . . . . . 6 . . . . . . . . . . Assembled 3 | . . . . . . . . . . . . 3 . . . . . . . . . . . Savage 1 | . . . . . . . . . . . . . . . 1 . . . . . . . . Best Kill Streak 14 | . 4 14 3 8 10 5 11 6 2 2 4 4 2 . 12 1 4 6 3 10 12 3 10 Combat Bots Only 12 | . 3 11 3 7 10 3 11 4 2 1 4 4 2 . 12 1 4 5 3 5 12 1 10 Max Kills in Single Turn 6 | . 2 4 1 4 4 2 3 4 1 1 3 5 1 . 3 1 4 2 2 6 3 2 3 Gunslinging 1 | . . . . 1 1 1 1 . . . . . . . . . 1 . 1 . . . . Exploded 4 | . . 2 . 3 4 . 3 3 . . 3 4 . . 3 . 4 . . 4 3 . 3 Melee 1 | . . . . . . . . . . . . . . . . . . . 1 . . . . Uniques/NPCs Destroyed . | . . . . . . . . . . . . . . . . . . . . . . . . Combat | -11 -10 -9 -9 -8 -8 -8 -8 -7 -7 -7 -7 -6 -6 -6 -6 -5 -5 -5 -5 -5 -5 -4 -4 -------- Run | Yrd Mat Mat Min Mat Gar Mat Gar Fac Gar Fac Gar Fac Was Fac Gar Fac Gar Fac Gar Fac Gar Fac Gar Hostile Shots Fired 2692 | . 51 65 17 132 149 49 160 54 165 24 404 175 . . 109 3 76 78 99 365 203 40 274 Missed 794 | . 7 18 2 39 43 13 37 14 54 6 121 63 . . 46 . 28 31 35 89 47 11 90 Damage Taken 31090 | . 425 648 224 1680 1413 522 2206 629 2056 413 2588 1885 . . 1075 139 764 843 673 5365 2985 688 3869 Core 3198 | . 68 51 51 83 104 13 76 10 152 88 259 104 . . 86 . 29 102 45 416 296 51 1114 Absorbed by Shields 1150 | . . . . . 80 . . . . . . . . . . . 218 . 505 292 55 . . Ignored by Resistances 732 | . . . . . . . . . . . 235 46 . . 98 4 . 4 . 219 . 114 12 Regen/Repaired (Parts) 756 | . 89 77 . . . . . 355 . . . 235 . . . . . . . . . . . Core Remaining (%) 58 | 100 72 . 74 . . . 49 . . . 27 . . . 77 . . . . . 11 . . Volleys Fired 1251 | . 23 62 13 69 81 33 48 40 78 40 79 65 85 . 65 16 67 48 84 164 59 9 23 Largest 3 | . 2 2 2 3 3 3 3 3 3 3 3 2 2 . 2 2 3 3 3 3 3 1 3 Hottest 313 | . 130 130 79 177 177 150 146 181 190 188 208 116 188 . 177 111 233 218 225 313 226 90 180 Shots Fired 2732 | . 46 122 26 203 223 99 130 77 221 58 171 92 159 . 104 20 171 86 216 310 153 9 36 Gun 2143 | . 46 114 26 200 213 99 117 44 147 21 114 27 149 . 43 4 158 58 200 261 90 . 12 Cannon 312 | . . . . . . . . 17 69 9 48 40 . . 51 9 . . . . 48 9 12 Launcher 77 | . . 8 . 3 10 . 13 1 . . 1 2 . . 5 . 2 . . 7 15 . 10 Special 200 | . . . . . . . . 15 5 28 8 23 10 . 5 7 11 28 16 42 . . 2 Kinetic 967 | . . 45 13 95 46 33 65 17 41 4 74 67 72 . 82 13 54 22 71 63 75 . 15 Thermal 1476 | . 38 69 13 105 167 66 52 44 175 23 89 . 77 . 12 . 104 36 127 198 63 9 9 Explosive 76 | . . 8 . 3 10 . 13 . . . 1 2 . . 5 . 2 . . 7 15 . 10 Electromagnetic 14 | . 8 . . . . . . 1 . 3 . . . . . . . . 2 . . . . Robot Hit Streak 41 | . 7 18 14 16 22 9 25 19 33 5 15 10 27 . 16 3 22 13 41 20 10 8 11 Robot Miss Streak 12 | . 6 12 1 3 4 6 3 2 4 2 5 4 2 . 5 1 6 2 6 6 4 1 3 Penetration Max 1 | . . . . 1 1 1 . . . 1 1 1 . . 1 . . . 1 1 1 . 1 Secondary Targets 31 | . 3 1 1 3 5 2 5 . . . . . 1 . . . 5 1 2 1 1 . . Max Gunslinging Chain 2 | . 1 1 1 1 1 1 1 . . . . . 1 . . . 2 1 1 1 1 . . Shots Hit Robots 1831 | . 36 84 21 120 110 72 93 49 174 37 115 55 126 . 57 10 116 64 143 217 96 7 29 Core Hits 976 | . 41 77 8 56 42 25 51 24 49 8 54 49 21 . 55 2 58 17 44 147 79 7 62 Critical Kills 5 | . . . . . . . . . . . . . 1 . . . . . 1 3 . . . Critical Parts Destroyed 14 | . . . . . 1 . 1 . . . 1 . . . . . . . 4 7 . . . Critical Strikes 66 | . . 2 . 5 3 5 4 2 7 . 4 3 1 . 3 . . . 5 13 9 . . Burn 30 | . . 2 . 5 2 5 2 2 7 . 1 . . . . . . . . 3 1 . . Destroy 20 | . . . . . 1 . 2 . . . 1 . 1 . . . . . 5 10 . . . Blast 16 | . . . . . . . . . . . 2 3 . . 3 . . . . . 8 . . Melee Attacks 19 | . . . . . . 13 5 1 . . . . . . . . . . . . . . . Impact . | . . . . . . . . . . . . . . . . . . . . . . . . Slashing . | . . . . . . . . . . . . . . . . . . . . . . . . Piercing . | . . . . . . . . . . . . . . . . . . . . . . . . Sneak Attacks 14 | . . . . . . 8 5 1 . . . . . . . . . . . . . . . Combat Hostiles . | . . . . . . . . . . . . . . . . . . . . . . . . Follow-up Attacks . | . . . . . . . . . . . . . . . . . . . . . . . . Damage Inflicted 57661 | . 494 2372 369 2979 2476 1292 2739 1641 4522 531 3093 4297 3116 . 3883 127 3456 1414 3051 7542 5079 531 2657 Guns 33112 | . 486 1345 369 2382 2241 1260 1623 644 2900 353 1837 344 3116 . 520 39 2936 1267 3051 4662 1461 . 276 Cannons 8778 | . . . . . . . . 178 1622 114 1117 1817 . . 2269 88 . . . . 1051 224 298 Explosions 15314 | . . 1010 . 588 235 . 1112 819 . . 127 2071 . . 1094 . 520 . . 2880 2567 208 2083 Melee . | . . . . . . . . . . . . . . . . . . . . . . . . Ramming 445 | . 8 17 . 9 . 32 4 . . 64 . 65 . . . . . 147 . . . 99 . Kinetic 17054 | . . 576 162 1125 497 444 904 225 676 95 1127 2161 1254 . 2591 127 721 401 998 1150 1481 . 339 Thermal 26334 | . 453 769 207 1257 1744 816 719 777 3846 350 1839 1232 1862 . 198 . 2215 866 2000 3694 1031 224 235 Explosive 13649 | . . 1010 . 588 235 . 1112 568 . . 127 839 . . 1094 . 520 . . 2698 2567 208 2083 Electromagnetic 179 | . 33 . . . . . . 71 . 22 . . . . . . . . 53 . . . . Impact . | . . . . . . . . . . . . . . . . . . . . . . . . Slashing . | . . . . . . . . . . . . . . . . . . . . . . . . Piercing . | . . . . . . . . . . . . . . . . . . . . . . . . Highest Corruption 24 | . 3 . . . . . . 4 4 7 15 . . 1 1 . 1 1 2 24 21 1 11 Average Corruption 6 | . 2 . . . . . . 3 4 5 14 . . 1 1 . 1 1 1 14 19 1 4 Corruption Purged 8 | . . . . . . . . . . . . . . . . . . . . 7 . 1 . Corruption Blocked . | . . . . . . . . . . . . . . . . . . . . . . . . Effects 370 | . 11 . . . . . . 16 53 25 98 . . 1 15 . 3 7 21 76 39 . 5 Message Errors 85 | . 2 . . . . . . 7 10 10 14 . . . 4 . . 1 6 24 7 . . Matter Fused 96 | . 2 . . . . . . 6 10 4 28 . . . 5 . 1 1 9 19 11 . . Heat Flow Errors 46 | . 2 . . . . . . 1 7 2 17 . . . 2 . . 2 2 5 6 . . Energy Discharges 43 | . 1 . . . . . . . 8 7 10 . . . 1 . 1 2 2 4 5 . 2 Parts Rejected 2 | . . . . . . . . . . . . . . . . . 1 . . . . . 1 Parts Fused 3 | . . . . . . . . . . . 1 . . . . . . . . 2 . . . Data Loss (minor) 30 | . 3 . . . . . . 1 5 1 6 . . 1 1 . . 1 1 6 3 . 1 Data Loss (major) 18 | . 1 . . . . . . . 3 1 8 . . . . . . . 1 3 1 . . Misfires 11 | . . . . . . . . . 3 . 4 . . . 1 . . . . . 3 . . Alerts 11 | . . . . . . . . . 1 . 6 . . . 1 . . . . 2 1 . . Misdirections 1 | . . . . . . . . . . . . . . . . . . . . 1 . . . Weapon Failures 24 | . . . . . . . . 1 6 . 4 . . . . . . . . 10 2 . 1 Overload Shots 10 | . . . . . . . . 3 1 2 . . . . . . . . 1 3 . . . Effects 2 | . . . . . . . . . 1 1 . . . . . . . . . . . . . Energy Bleed 1 | . . . . . . . . . . 1 . . . . . . . . . . . . . Heat Surge 1 | . . . . . . . . . 1 . . . . . . . . . . . . . . Overflow Damage 1226 | . . 65 . 5 28 . 37 84 13 27 8 381 . . 207 . 10 35 . 129 156 21 20 Projectiles 584 | . . . . . . . . 2 13 . 8 190 . . 207 . . . . . 156 . 8 Explosions 580 | . . 65 . 5 28 . 37 82 . . . 191 . . . . 10 . . 129 . 21 12 Melee 62 | . . . . . . . . . . 27 . . . . . . . 35 . . . . . Knockbacks 20 | . . . . . . . . . . 1 2 3 . . 6 . . . . . 8 . . Impact 1 | . . . . . . . . . . 1 . . . . . . . . . . . . . Kinetic 19 | . . . . . . . . . . . 2 3 . . 6 . . . . . 8 . . Secondary . | . . . . . . . . . . . . . . . . . . . . . . . . Self-Inflicted Damage 1416 | . . 44 . . 3 . 120 206 . . . 355 . . 138 . 12 . . 121 74 113 230 Shots 44 | . . 1 . . 1 . 3 2 . . . 6 . . 9 . 1 . . 5 4 1 11 Rammed 29 | . 1 1 . . . 5 1 . . 2 . 6 . . . . . 7 . . . 6 . Targets Rammed 33 | . 2 1 . 1 . 5 1 . . 2 . 6 . . . . . 8 . . . 7 . Kicked . | . . . . . . . . . . . . . . . . . . . . . . . . Crushed 4 | . 1 . . 1 . . . . . . . . . . . . . 1 . . . 1 . Highest Temperature 523 | . 351 363 186 182 68 345 325 276 327 198 523 473 225 . 213 . 270 403 286 391 348 . 12 Average Temperature 100 | . 133 101 70 48 29 95 118 101 126 62 115 79 48 . 56 . 97 122 89 108 88 . 6 Received Heat Transfer 6113 | . 69 321 111 666 216 225 552 75 387 162 270 333 . . 345 12 128 18 84 1128 318 138 555 Effects 31 | . 1 1 . . . . 3 7 3 . 5 1 1 . . . 2 . 2 5 . . . Shutdowns 3 | . . . . . . . . . . . 1 1 . . . . . . . 1 . . . Energy Bleed 7 | . 1 1 . . . . . 1 1 . 2 . . . . . . . 1 . . . . Interference 18 | . . . . . . . 3 6 2 . . . 1 . . . 2 . 1 3 . . . Matter Decay 2 | . . . . . . . . . . . 2 . . . . . . . . . . . . Short Circuit 1 | . . . . . . . . . . . . . . . . . . . . 1 . . . Siege Activations . | . . . . . . . . . . . . . . . . . . . . . . . . Robots Corrupted 3 | . . . . . . 1 . . . 1 . . . . . . . 1 . . . . . Combat Hostiles . | . . . . . . . . . . . . . . . . . . . . . . . . Parts Fried 6 | . . . . . . 1 . . . 3 . . . . . . . 2 . . . . . Impact Corruptions 5 | . . . . . . 1 . . . 2 . . . . . . . 2 . . . . . Robots Melted 7 | . . . . 1 . . . . 2 . . . . . . . . . 1 2 . 1 . Combat Hostiles 5 | . . . . 1 . . . . . . . . . . . . . . 1 2 . 1 . Parts Melted 90 | . 1 2 . 12 13 6 3 2 18 . 5 1 . . . . 4 3 6 8 4 1 1 Heat Transferred 39935 | . 565 1405 444 2923 2995 1924 1443 1210 5957 481 2923 750 2405 . 259 . 2812 1036 3145 4967 1591 350 350 Parts Sabotaged 1 | . . . . . . . . . . . . . . . . . . . 1 . . . . Parts Stolen . | . . . . . . . . . . . . . . . . . . . . . . . . Parts Stripped . | . . . . . . . . . . . . . . . . . . . . . . . . Power Chain Reactions . | . . . . . . . . . . . . . . . . . . . . . . . . Alert | -11 -10 -9 -9 -8 -8 -8 -8 -7 -7 -7 -7 -6 -6 -6 -6 -5 -5 -5 -5 -5 -5 -4 -4 ------- Run | Yrd Mat Mat Min Mat Gar Mat Gar Fac Gar Fac Gar Fac Was Fac Gar Fac Gar Fac Gar Fac Gar Fac Gar Peak Influence 1917 | . 253 440 213 341 1917 934 1394 818 1105 761 1789 1107 352 109 1465 772 1068 580 855 797 1230 652 541 Initial 938 | . . 1 79 4 17 934 387 731 500 579 386 938 348 109 76 768 384 560 242 448 541 636 368 Average 667 | . 86 176 98 70 1035 743 905 628 797 535 1185 947 264 109 770 719 679 471 545 605 1041 593 417 Maximum Alert Level 5 | . 1 2 1 1 5 3 4 3 4 3 5 4 1 . 4 3 3 2 3 3 4 2 2 Low Security (%) 15 | 100 91 55 87 89 8 . . . . . . . 43 100 7 . . . . . . . . Level 1 9 | . 8 41 12 10 2 . 1 . . 23 3 . 56 . 18 . 9 33 22 . . . 32 Level 2 29 | . . 2 . . 6 41 23 69 32 71 7 . . . 11 20 46 66 53 73 3 100 67 Level 3 32 | . . . . . 32 58 58 30 64 5 28 97 . . 41 79 43 . 23 25 48 . . Level 4 10 | . . . . . 38 . 17 . 3 . 46 2 . . 20 . . . . . 48 . . Level 5 2 | . . . . . 12 . . . . . 13 . . . . . . . . . . . . High Security . | . . . . . . . . . . . . . . . . . . . . . . . . Max Security . | . . . . . . . . . . . . . . . . . . . . . . . . Squads Dispatched 49 | . 1 4 . 3 . 4 . 7 . 7 . 7 . . . 2 . 3 . 10 . 1 . Investigation 7 | . 1 . . 1 . 2 . 1 . 1 . 1 . . . . . . . . . . . Extermination 11 | . . . . . . . . 4 . 1 . 1 . . . 1 . . . 4 . . . Reinforcement 20 | . . 4 . 2 . 2 . 1 . 5 . 1 . . . 1 . 1 . 3 . . . Assault 6 | . . . . . . . . . . . . 3 . . . . . . . 3 . . . Garrison 5 | . . . . . . . . 1 . . . 1 . . . . . 2 . . . 1 . Intercept . | . . . . . . . . . . . . . . . . . . . . . . . . Searches Triggered . | . . . . . . . . . . . . . . . . . . . . . . . . Construction Impeded 4 | . . 1 . . . . . . . 2 . . . . . . . . . 1 . . . Haulers Reinforced 4 | . . . . . . . . 1 . 1 . . . . . . . . . 2 . . . Active Scanning Responses . | . . . . . . . . . . . . . . . . . . . . . . . . Cargo Convoy Interrupts . | . . . . . . . . . . . . . . . . . . . . . . . . Stealth | -11 -10 -9 -9 -8 -8 -8 -8 -7 -7 -7 -7 -6 -6 -6 -6 -5 -5 -5 -5 -5 -5 -4 -4 --------- Run | Yrd Mat Mat Min Mat Gar Mat Gar Fac Gar Fac Gar Fac Was Fac Gar Fac Gar Fac Gar Fac Gar Fac Gar Distress Signals 13 | . 1 1 . 4 . 2 . 1 . . . 1 . . . 1 . 1 . 1 . . . Communications Jammed 26 | . . . . . . . . . . . . . . . . 2 . 5 . 19 . . . Distress Signals 26 | . . . . . . . . . . . . . . . . 2 . 5 . 19 . . . Times Spotted 557 | . 13 33 6 35 33 26 30 17 24 21 36 42 4 . 40 10 31 20 28 54 26 6 22 Peak Tracking Total 11 | . 4 8 3 8 6 6 9 4 5 4 11 7 2 . 7 3 4 4 7 9 7 3 11 Tactical Retreats 22 | . 1 . . 1 2 1 2 . 1 1 1 2 . . 2 . 1 . . 5 1 1 . Traps | -11 -10 -9 -9 -8 -8 -8 -8 -7 -7 -7 -7 -6 -6 -6 -6 -5 -5 -5 -5 -5 -5 -4 -4 ------- Run | Yrd Mat Mat Min Mat Gar Mat Gar Fac Gar Fac Gar Fac Was Fac Gar Fac Gar Fac Gar Fac Gar Fac Gar Traps Triggered 77 | . 4 . . 2 9 1 9 7 7 2 4 3 . 1 3 . 7 1 3 3 7 2 2 Indirectly . | . . . . . . . . . . . . . . . . . . . . . . . . Trap Hack Attempts . | . . . . . . . . . . . . . . . . . . . . . . . . Triggered . | . . . . . . . . . . . . . . . . . . . . . . . . Disarmed . | . . . . . . . . . . . . . . . . . . . . . . . . Reprogrammed . | . . . . . . . . . . . . . . . . . . . . . . . . Reused . | . . . . . . . . . . . . . . . . . . . . . . . . Traps Extracted . | . . . . . . . . . . . . . . . . . . . . . . . . Installed . | . . . . . . . . . . . . . . . . . . . . . . . . Triggered 1 | . . . . . . 1 . . . . . . . . . . . . . . . . . Machines | -11 -10 -9 -9 -8 -8 -8 -8 -7 -7 -7 -7 -6 -6 -6 -6 -5 -5 -5 -5 -5 -5 -4 -4 ---------- Run | Yrd Mat Mat Min Mat Gar Mat Gar Fac Gar Fac Gar Fac Was Fac Gar Fac Gar Fac Gar Fac Gar Fac Gar Machines Disabled 89 | . . . . . 9 3 4 5 5 2 8 12 . . 8 . 3 1 5 19 3 1 1 Max in Single Turn 7 | . . . . . 1 2 1 2 1 . 1 7 . . 1 . 1 . 1 4 2 1 1 Garrison Relay 31 | . . . . . 5 . 2 . 3 . 5 . . . 8 . 2 . 4 . 1 . 1 Phase Generator 4 | . . . . . . . 1 . 1 . 1 . . . . . . . . . 1 . . Machines Repaired . | . . . . . . . . . . . . . . . . . . . . . . . . Machines Dismantled 7 | . . . . . . . 1 . 3 . 3 . . . . . . . . . . . . Machines Sabotaged . | . . . . . . . . . . . . . . . . . . . . . . . . Overloaded Fab Kills . | . . . . . . . . . . . . . . . . . . . . . . . . Hacking | -11 -10 -9 -9 -8 -8 -8 -8 -7 -7 -7 -7 -6 -6 -6 -6 -5 -5 -5 -5 -5 -5 -4 -4 --------- Run | Yrd Mat Mat Min Mat Gar Mat Gar Fac Gar Fac Gar Fac Was Fac Gar Fac Gar Fac Gar Fac Gar Fac Gar Machines Accessed 81 | . 6 5 1 8 3 6 3 7 2 6 3 5 . 2 2 3 1 5 2 9 1 1 . Terminals 55 | . 5 4 . 6 3 4 3 3 2 3 3 4 . . 2 2 1 3 2 4 1 . . Fabricators 3 | . . . . . . . . 1 . 2 . . . . . . . . . . . . . Repair Stations 8 | . 1 1 . 1 . . . 1 . . . . . 1 . . . 1 . 2 . . . Recycling Units 3 | . . . . . . . . . . . . 1 . . . . . . . 2 . . . Scanalyzers 2 | . . . . . . 1 . 1 . . . . . . . . . . . . . . . Garrison Access 9 | . . . . 1 . 1 . 1 . 1 . . . 1 . 1 . 1 . 1 . 1 . Total Hacks 188 | . 23 17 1 32 4 16 5 22 3 12 4 8 . 2 4 3 2 9 4 14 2 1 . Successful 79 | . 12 9 1 19 2 7 2 8 1 4 1 2 . 1 1 1 . 2 . 5 . 1 . Failed 108 | . 10 8 . 13 2 9 3 14 2 8 3 6 . 1 3 2 2 7 4 9 2 . . Catastrophic 25 | . 4 . . . 1 2 . 4 . 2 1 4 . . . 1 . 3 . 3 . . . Database Lockouts 1 | . 1 . . . . . . . . . . . . . . . . . . . . . . Manual 56 | . 11 12 . 11 . 5 . 7 . . . 1 . . . 1 . 3 . 5 . . . Terminals 142 | . 19 14 . 26 4 13 5 12 3 8 4 7 . . 4 2 2 5 4 8 2 . . Fabricators 7 | . . . . . . . . 4 . 3 . . . . . . . . . . . . . Repair Stations 19 | . 4 3 . 3 . . . 3 . . . . . 1 . . . 3 . 2 . . . Recycling Units 4 | . . . . . . . . . . . . 1 . . . . . . . 3 . . . Scanalyzers 4 | . . . . . . 2 . 2 . . . . . . . . . . . . . . . Garrison Access 11 | . . . . 3 . 1 . 1 . 1 . . . 1 . 1 . 1 . 1 . 1 . Terminal Hacks 46 | . 6 6 1 15 2 4 2 3 1 1 1 1 . . 1 . . . . 2 . . . Record 1 | . . . . 1 . . . . . . . . . . . . . . . . . . . Part Schematic 1 | . . 1 . . . . . . . . . . . . . . . . . . . . . Robot Analysis 9 | . 2 5 . 1 . . . 1 . . . . . . . . . . . . . . . Prototype ID Bank 5 | . 1 . . 2 . 1 . 1 . . . . . . . . . . . . . . . Open Door 2 | . . . 1 . 1 . . . . . . . . . . . . . . . . . . Emergency Access Points 4 | . . . . . . . 1 . 1 . 1 . . . 1 . . . . . . . . Terminal Index 3 | . 1 . . 1 . . . . . . . . . . . . . . . 1 . . . Repair Station Index 1 | . . . . . . . . . . . . . . . . . . . . 1 . . . Alert Level 2 | . . . . 2 . . . . . . . . . . . . . . . . . . . Unreport Threat 6 | . . . . 3 . 2 . . . . . 1 . . . . . . . . . . . Locate Traps 1 | . . . . . . 1 . . . . . . . . . . . . . . . . . Dispatch Records 1 | . . . . 1 . . . . . . . . . . . . . . . . . . . Transport Status 2 | . 1 . . 1 . . . . . . . . . . . . . . . . . . . Recall Investigation 1 | . . . . 1 . . . . . . . . . . . . . . . . . . . Hauler Manifests 2 | . . . . 1 . . . 1 . . . . . . . . . . . . . . . Zone Layout 3 | . 1 . . 1 . . . . . 1 . . . . . . . . . . . . . Patrol Navigation 2 | . . . . . 1 . 1 . . . . . . . . . . . . . . . . Fabricator Hacks 2 | . . . . . . . . . . 2 . . . . . . . . . . . . . Network Status 1 | . . . . . . . . . . 1 . . . . . . . . . . . . . Load Schematic 1 | . . . . . . . . . . 1 . . . . . . . . . . . . . Repair Station Hacks 10 | . 4 2 . 1 . . . 2 . . . . . . . . . 1 . . . . . Scan Component 6 | . 2 1 . 1 . . . 1 . . . . . . . . . 1 . . . . . Repair 4 | . 2 1 . . . . . 1 . . . . . . . . . . . . . . . Recycling Unit Hacks 2 | . . . . . . . . . . . . 1 . . . . . . . 1 . . . Retrieve Components 2 | . . . . . . . . . . . . 1 . . . . . . . 1 . . . Scanalyzer 2 | . . . . . . 1 . 1 . . . . . . . . . . . . . . . Insert Component 2 | . . . . . . 1 . 1 . . . . . . . . . . . . . . . Garrison Access Hacks 9 | . . . . 1 . 1 . 1 . 1 . . . 1 . 1 . 1 . 1 . 1 . Unlock Access 9 | . . . . 1 . 1 . 1 . 1 . . . 1 . 1 . 1 . 1 . 1 . Unauthorized Hacks 8 | . 2 1 . 2 . 1 . 1 . . . . . . . . . . . 1 . . . Terminals 8 | . 2 1 . 2 . 1 . 1 . . . . . . . . . . . 1 . . . Track 1 | . . . . 1 . . . . . . . . . . . . . . . . . . . Botnet 6 | . 1 1 . 1 . 1 . 1 . . . . . . . . . . . 1 . . . Operators 1 | . 1 . . . . . . . . . . . . . . . . . . . . . . Fabricators . | . . . . . . . . . . . . . . . . . . . . . . . . Repair Stations . | . . . . . . . . . . . . . . . . . . . . . . . . Recycling Units . | . . . . . . . . . . . . . . . . . . . . . . . . Scanalyzers . | . . . . . . . . . . . . . . . . . . . . . . . . Garrison Access . | . . . . . . . . . . . . . . . . . . . . . . . . Data Cores Recovered 1 | . . 1 . . . . . . . . . . . . . . . . . . . . . Used 1 | . . 1 . . . . . . . . . . . . . . . . . . . . . Hacking Detections 70 | . 6 4 . 7 3 5 1 5 1 5 3 4 . 2 2 3 1 5 2 9 1 1 . Full Trace Events 3 | . . . . . . 1 1 1 . . . . . . . . . . . . . . . Feedback Events . | . . . . . . . . . . . . . . . . . . . . . . . . Feedback Blocked . | . . . . . . . . . . . . . . . . . . . . . . . . Robot Schematics Acquired . | . . . . . . . . . . . . . . . . . . . . . . . . Robots Built . | . . . . . . . . . . . . . . . . . . . . . . . . Authchips . | . . . . . . . . . . . . . . . . . . . . . . . . Time . | . . . . . . . . . . . . . . . . . . . . . . . . Total Robot Build Rating . | . . . . . . . . . . . . . . . . . . . . . . . . Part Schematics Acquired 1 | . . 1 . . . . . . . . . . . . . . . . . . . . . Parts Built . | . . . . . . . . . . . . . . . . . . . . . . . . Authchips . | . . . . . . . . . . . . . . . . . . . . . . . . Time . | . . . . . . . . . . . . . . . . . . . . . . . . Total Part Build Rating . | . . . . . . . . . . . . . . . . . . . . . . . . Parts Repaired 4 | . 2 1 . . . . . 1 . . . . . . . . . . . . . . . Time 128 | . 52 32 . . . . . 44 . . . . . . . . . . . . . . . Parts Recycled . | . . . . . . . . . . . . . . . . . . . . . . . . Recycled Matter . | . . . . . . . . . . . . . . . . . . . . . . . . Retrieved Matter . | . . . . . . . . . . . . . . . . . . . . . . . . Retrieved Components 20 | . . . . . . . . . . . . 10 . . . . . . . 10 . . . Parts Scanalyzed . | . . . . . . . . . . . . . . . . . . . . . . . . Part Schematics Acquired . | . . . . . . . . . . . . . . . . . . . . . . . . Parts Damaged . | . . . . . . . . . . . . . . . . . . . . . . . . Bothacking | -11 -10 -9 -9 -8 -8 -8 -8 -7 -7 -7 -7 -6 -6 -6 -6 -5 -5 -5 -5 -5 -5 -4 -4 ------------ Run | Yrd Mat Mat Min Mat Gar Mat Gar Fac Gar Fac Gar Fac Was Fac Gar Fac Gar Fac Gar Fac Gar Fac Gar Used RIF Installer 7 | . . . . . 1 . 1 . 1 . 1 . . . 1 . 1 . 1 . . . . Hotswap 1 | . . . . . . . 1 . . . . . . . . . . . . . . . . Command Fork 1 | . . . . . . . . . 1 . . . . . . . . . . . . . . Threat Obfuscator 1 | . . . . . . . . . . . . . . . 1 . . . . . . . . Alert ID Control 1 | . . . . . . . . . . . . . . . . . . . 1 . . . . Program Shield 1 | . . . . . . . . . . . . . . . . . 1 . . . . . . Autoassimilate 1 | . . . . . . . . . . . 1 . . . . . . . . . . . . Robots Hacked 109 | . . . . . . 7 . 10 1 12 5 11 6 . 2 3 7 11 9 23 . . 2 Non-combat 53 | . . . . . . 6 . 9 . 7 . 5 . . . 1 . 8 . 17 . . . Combat 56 | . . . . . . 1 . 1 1 5 5 6 6 . 2 2 7 3 9 6 . . 2 Autoassimilated 8 | . . . . . . . . . . . . 2 . . . . 1 1 2 1 . . 1 Robot Hacks Applied 132 | . . . . . . 11 . 11 1 18 5 11 7 . 2 4 6 15 8 32 . . 1 parse_system 10 | . . . . . . 1 . 1 . 3 . . 1 . . . . 2 2 . . . . no_distress 17 | . . . . . . . . . . 3 . 1 . . . . . 1 . 12 . . . generate_echo 3 | . . . . . . 1 . . . 2 . . . . . . . . . . . . . find_chute 5 | . . . . . . . . 2 . . . 2 . . . 1 . . . . . . . ignore_repairs 5 | . . . . . . 1 . . . 2 . . . . . . . . . 2 . . . map_walls 1 | . . . . . . . . . . 1 . . . . . . . . . . . . . map_earth 2 | . . . . . . . . 1 . . . . . . . . . 1 . . . . . find_fabricator 1 | . . . . . . . . . . . . . . . . . . 1 . . . . . drop_inventory 9 | . . . . . . 3 . 2 . . . . . . . . . 2 . 2 . . . recall_reinforcements 1 | . . . . . . . . . . . . . . . . . . . . 1 . . . ignore_parts 6 | . . . . . . . . 1 . . . 1 . . . . . 2 . 2 . . . purge_threat 7 | . . . . . . 1 . . . 2 . . . . . . . 1 . 3 . . . locate_traps 1 | . . . . . . 1 . . . . . . . . . . . . . . . . . reprogram_traps 1 | . . . . . . 1 . . . . . . . . . . . . . . . . . block_reporting 1 | . . . . . . . . . . . . . . . . . . . . 1 . . . summon_haulers 1 | . . . . . . . . . . . . . . . . . . . . 1 . . . map_route 4 | . . . . . . . . 1 . . . 1 . . . . . 1 . 1 . . . mark_security 2 | . . . . . . . . . . . . 1 . . . . . . . 1 . . . ignore_targets 6 | . . . . . . . . . . . . . 6 . . . . . . . . . . find_shortcuts 1 | . . . . . . . . . . 1 . . . . . . . . . . . . . find_garrison 4 | . . . . . . 1 . 1 . 1 . . . . . 1 . . . . . . . mark_system 1 | . . . . . . . . . . . . . . . . . . . 1 . . . . spike_heat 1 | . . . . . . . . . . 1 . . . . . . . . . . . . . amplify_resonance 6 | . . . . . . . . . . 1 2 1 . . . . . . . 1 . . 1 disable_weapons 3 | . . . . . . . . . . . 1 . . . . . 1 . . 1 . . . overwrite_iff 7 | . . . . . . . . . . . 1 2 . . . . . 1 2 1 . . . streamctrl_high 3 | . . . . . . . . . 1 . . 1 . . . . 1 . . . . . . formatsys_low 5 | . . . . . . . . 1 . 1 . 1 . . . . . 1 . 1 . . . formatsys_high 18 | . . . . . . 1 . 1 . . 1 . . . 2 2 4 2 3 2 . . . Relay Couplers Released 131 | . . . . . 24 . 12 . 13 . 19 . . . 33 . 8 . 14 . 5 . 3 Machine Destruction 124 | . . . . . 21 . 8 . 13 . 19 . . . 33 . 8 . 14 . 5 . 3 Programmers 7 | . . . . . 3 . 4 . . . . . . . . . . . . . . . . Attached 38 | . . . . . . 2 . 2 3 2 5 . 1 . 6 . 5 4 2 3 1 . 2 Fabnet Peak Effective % . | . . . . . . . . . . . . . . . . . . . . . . . . Robots Rewired 9 | . . . . . . . 3 . 3 . . . . . . . . . 3 . . . . Allies Hacked 2 | . . . . . . . . . . . . 1 . . . . . 1 . . . . . Hacks Repelled . | . . . . . . . . . . . . . . . . . . . . . . . . Allies | -11 -10 -9 -9 -8 -8 -8 -8 -7 -7 -7 -7 -6 -6 -6 -6 -5 -5 -5 -5 -5 -5 -4 -4 -------- Run | Yrd Mat Mat Min Mat Gar Mat Gar Fac Gar Fac Gar Fac Was Fac Gar Fac Gar Fac Gar Fac Gar Fac Gar Total Allies 67 | . . . 1 . 1 1 3 2 8 2 5 6 . . 7 2 6 4 13 5 . . 1 Largest Group 7 | . . . 1 . 1 2 3 3 7 7 3 2 . . 4 3 3 3 7 5 1 . 1 Highest-Rated Group 340 | . . . 31 . 31 46 45 45 266 266 96 58 . . 230 201 101 106 340 244 49 . 12 Highest-Rated Ally 95 | . . . 31 . 31 31 15 32 85 80 32 47 . . 95 92 85 49 68 51 49 . 12 Total Orders 15 | . . . . . . . . 1 3 . . 8 . . . . . . . . 3 . . STAY 2 | . . . . . . . . . 2 . . . . . . . . . . . . . . FOLLOW 1 | . . . . . . . . . 1 . . . . . . . . . . . . . . AID 3 | . . . . . . . . 1 . . . 2 . . . . . . . . . . . EXPLORE 9 | . . . . . . . . . . . . 6 . . . . . . . . 3 . . Ally Attacks 433 | . . . 6 . . 31 7 19 24 57 11 62 . . 31 34 27 29 54 36 5 . . Total Damage 11113 | . . . 127 . . 653 183 495 797 1556 395 417 . . 975 1041 712 780 1660 1238 84 . . Kills 86 | . . . 2 . . 8 2 3 5 20 3 2 . . 9 6 7 2 13 4 . . . Allies Corrupted 4 | . . . . . . 1 . . . . . . . . . . . 1 . 2 . . . Allies Melted 1 | . . . . . . . . . . . . . . . . 1 . . . . . . . Intel | -11 -10 -9 -9 -8 -8 -8 -8 -7 -7 -7 -7 -6 -6 -6 -6 -5 -5 -5 -5 -5 -5 -4 -4 ------- Run | Yrd Mat Mat Min Mat Gar Mat Gar Fac Gar Fac Gar Fac Was Fac Gar Fac Gar Fac Gar Fac Gar Fac Gar Robot Analysis Total 9 | . 2 5 . 1 . . . 1 . . . . . . . . . . . . . . . Derelict Logs Recovered 1 | . . . 1 . . . . . . . . . . . . . . . . . . . . Drone Launches 15 | . . . . . . . . . . . . 11 . . . . . . . . 4 . . Drone Recoveries 12 | . . . . . . . . . . . . 8 . . . . . . . . 4 . . Exploration | -11 -10 -9 -9 -8 -8 -8 -8 -7 -7 -7 -7 -6 -6 -6 -6 -5 -5 -5 -5 -5 -5 -4 -4 ------------- Run | Yrd Mat Mat Min Mat Gar Mat Gar Fac Gar Fac Gar Fac Was Fac Gar Fac Gar Fac Gar Fac Gar Fac Gar Turns Passed 28878 | 71 964 1268 623 1687 2742 1246 1295 1505 2223 875 2209 1251 707 111 1518 844 1252 738 1808 2162 881 549 349 Spaces Moved 11847 | 39 489 647 391 663 1001 452 436 543 876 479 793 376 247 70 708 326 588 347 918 879 271 209 99 Core 4 | 4 . . . . . . . . . . . . . . . . . . . . . . . Treads 11132 | 35 489 647 391 663 1001 452 436 543 876 479 793 376 247 70 708 326 588 347 918 327 126 209 85 Legs 450 | . . . . . . . . . . . . . . . . . . . . 291 145 . 14 Wheels 261 | . . . . . . . . . . . . . . . . . . . . 261 . . . Hover . | . . . . . . . . . . . . . . . . . . . . . . . . Flight . | . . . . . . . . . . . . . . . . . . . . . . . . Fastest Speed 50 | 50 160 145 145 145 238 233 233 240 160 160 160 160 160 160 160 160 160 160 160 111 190 240 240 Average Speed 196 | 151 160 154 145 200 241 234 237 240 202 160 226 251 177 160 179 239 161 160 160 172 213 240 255 Slowest Speed 470 | 160 160 240 145 238 317 243 243 240 240 160 240 320 320 160 240 240 240 160 240 320 240 240 470 Overloaded Moves . | . . . . . . . . . . . . . . . . . . . . . . . . Propulsion Burnouts . | . . . . . . . . . . . . . . . . . . . . . . . . Robots Hopped . | . . . . . . . . . . . . . . . . . . . . . . . . Cave-ins Triggered . | . . . . . . . . . . . . . . . . . . . . . . . . Exploration Rate (%) 45 | 3 82 54 81 57 76 37 51 18 84 15 95 14 86 3 86 13 54 13 77 29 39 6 20 Regions Visited 23 Branch Regions 1 Pre-discovered Areas . | . . . . . . . . . . . . . . . . . . . . . . . . Known Exits Taken 9 | . . . . 1 . 1 . 1 . 1 . . . 1 . 1 . 1 . 1 . 1 . Unknown Exits Taken 4 | 1 1 1 1 . . . . . . . . . . . . . . . . . . . . Scrap Searched 2 | . . . 2 . . . . . . . . . . . . . . . . . . . . Spaces Dug 55 | . . . . . 25 . 1 4 . 2 . . . . 12 5 . . . 6 . . . Terrain Destroyed 1034 | . . 44 . 21 109 . 69 52 2 2 19 98 9 . 29 8 35 6 8 185 174 20 144 Melee . | . . . . . . . . . . . . . . . . . . . . . . . . Projectile 101 | . . . . . 2 . . 5 2 2 3 16 9 . 10 8 . 6 8 18 10 1 1 AOE 932 | . . 44 . 20 107 . 69 47 . . 16 82 . . 19 . 35 . . 167 164 19 143 Terrain Rammed . | . . . . . . . . . . . . . . . . . . . . . . . . Walls Destroyed . | . . . . . . . . . . . . . . . . . . . . . . . . Machines Disabled . | . . . . . . . . . . . . . . . . . . . . . . . . Actions | -11 -10 -9 -9 -8 -8 -8 -8 -7 -7 -7 -7 -6 -6 -6 -6 -5 -5 -5 -5 -5 -5 -4 -4 --------- Run | Yrd Mat Mat Min Mat Gar Mat Gar Fac Gar Fac Gar Fac Was Fac Gar Fac Gar Fac Gar Fac Gar Fac Gar Total 15060 | 48 627 809 420 877 1160 557 596 685 1119 545 1006 564 374 69 826 366 759 460 1099 1248 455 237 154 Wait 657 | . 78 49 6 70 14 5 36 63 46 . 30 73 . . 5 11 37 5 18 59 48 1 3 Move 11831 | 38 488 646 390 663 1000 452 435 542 875 479 792 376 246 69 707 326 587 347 917 878 270 209 99 Hop . | . . . . . . . . . . . . . . . . . . . . . . . . Pick Up 254 | 4 17 14 . 19 11 9 10 4 18 4 14 9 12 . 12 3 13 10 23 27 14 6 1 Fast Attach 158 | 6 3 6 6 9 6 6 3 10 10 2 13 5 4 . 5 2 12 7 8 24 6 1 4 Attach 108 | . 1 2 . 5 1 3 6 3 5 1 5 10 5 . 3 2 4 2 2 16 14 2 16 Detach 10 | . . . . . . . . 1 2 1 1 2 . . . . . . . 2 1 . . Swap 281 | . 5 9 1 20 12 12 18 8 17 10 19 11 4 . 10 3 18 21 14 51 14 1 3 Drop 313 | . 10 20 4 21 19 18 11 9 29 5 24 7 18 . 15 3 21 12 30 27 8 1 1 Fire 1251 | . 23 62 13 69 81 33 48 40 78 40 79 65 85 . 65 16 67 48 84 164 59 9 23 Melee 19 | . . . . . . 13 5 1 . . . . . . . . . . . . . . . Ram . | . . . . . . . . . . . . . . . . . . . . . . . . Kick . | . . . . . . . . . . . . . . . . . . . . . . . . Crush 33 | . 2 1 . 1 . 5 1 . . 2 . 6 . . . . . 8 . . . 7 . Escape Stasis 83 | . . . . . 16 . 14 4 14 . 4 . . . 4 . . . 2 . 21 . 4 Rewire 3 | . . . . . . 1 . . . 1 . . . . . . . . 1 . . . . Trap . | . . . . . . . . . . . . . . . . . . . . . . . . Miscellaneous 59 | . . . . . . . 9 . 25 . 25 . . . . . . . . . . . . Route ------- -11/Scrapyard -10/Materials (discovered 2 exits: *Mat x2) -9/Materials (discovered 3 exits: *Mat x2 / *Min) -9/Mines (discovered 2 exits: *Mat x2) -8/Materials (discovered 2 exits: *Fac / Gar) -8/Garrison (discovered 3 exits: *Mat x3) -8/Materials -8/Garrison -7/Factory (discovered 2 exits: *Fac / Gar) -7/Garrison (discovered 3 exits: *Fac x3) -7/Factory (discovered 2 exits: [*Low] / Gar) -7/Garrison (discovered 3 exits: *Fac x3) -6/Factory -6/Waste -6/Factory -6/Garrison (discovered 3 exits: *Fac x3) -5/Factory (discovered 2 exits: [*Upp] / Gar) -5/Garrison (discovered 2 exits: *Fac x2) -5/Factory (discovered 2 exits: [Upp] / Gar) -5/Garrison (discovered 4 exits: *Fac x3 / *Fac) -5/Factory (discovered 2 exits: Fac / Gar) -5/Garrison -4/Factory -4/Garrison History --------- Turn | Location | Event 12 | -11/Scrapyard | Discovered new exit (range 14) 72 | -11/Scrapyard | Entered Materials 308 | -10/Materials | Build established: Mutant 506 | -10/Materials | Discovered new exit (range 12) 649 | -10/Materials | Central database locked down 850 | -10/Materials | Repaired Lgt. Treads 877 | -10/Materials | Repaired Lgt. Treads 932 | -10/Materials | Discovered new exit (range 15) 1036 | -10/Materials | Entered another Materials area 1036 | -9/Materials | Evolved 2 slots: Propulsion x1, Utility x1 1271 | -9/Materials | Discovered new exit (range 5) 1669 | -9/Materials | Repaired Med. Armor Plating 1837 | -9/Materials | Destroyed 11 combat bots 1884 | -9/Materials | Discovered new exit (range 16) 2278 | -9/Materials | Discovered new exit (range 14) 2304 | -9/Materials | Entered Mines 2307 | -9/Mines | Received a Mining Laser from a helpful Derelict 2356 | -9/Mines | Met a Derelict bent on vengeance 2707 | -9/Mines | Found the Drone Emporium 2714 | -9/Mines | Found Prototype Device 2714 | -9/Mines | Identified Thief Drone Bay 2758 | -9/Mines | Discovered new exit (range 14) 2884 | -9/Mines | Discovered new exit (range 9) 2927 | -9/Mines | Entered Materials 2927 | -8/Materials | Evolved 2 slots: Utility x1, Weapon x1 3229 | -8/Materials | Build established: Tank 3362 | -8/Materials | Destroyed 7 combat bots 4246 | -8/Materials | Discovered new exit (range 15) 4614 | -8/Materials | Identified exit to Garrison 4614 | -8/Materials | Entered Garrison 4682 | -8/Garrison | Triggered checkpoint 4724 | -8/Garrison | Garrison Relay disabled 5092 | -8/Garrison | Destroyed 10 combat bots 5166 | -8/Garrison | Discovered new exit (range 14) 5186 | -8/Garrison | Triggered checkpoint 5215 | -8/Garrison | Garrison Relay disabled 5304 | -8/Garrison | Triggered checkpoint 5381 | -8/Garrison | Build established: Scavenger-Tank 5430 | -8/Garrison | Triggered checkpoint 5482 | -8/Garrison | Garrison Relay disabled 5553 | -8/Garrison | Discovered new exit (range 10) 5700 | -8/Garrison | Triggered checkpoint 5744 | -8/Garrison | Garrison Relay disabled 5856 | -8/Garrison | Discovered new exit (range 10) 5914 | -8/Garrison | Triggered checkpoint 5997 | -8/Garrison | Garrison Relay disabled 7155 | -8/Garrison | Build established: Tank 7240 | -8/Garrison | Rescued a captive Derelict 7278 | -8/Garrison | Installed Relay Interface Framework 7356 | -8/Garrison | Entered Materials 7356 | -8/Materials | Accompanied by 1 ally 7802 | -8/Materials | Build established: Bothacker-Mutant 8392 | -8/Materials | Build established: Bothacker-Tank 8602 | -8/Materials | Identified exit to Garrison 8602 | -8/Materials | Entered Garrison 8658 | -8/Garrison | Expanded RIF knowledge: Hotswap 8719 | -8/Garrison | Build established: Tank 8724 | -8/Garrison | Phase Generator disabled 8810 | -8/Garrison | Triggered checkpoint 8976 | -8/Garrison | Destroyed 11 combat bots 8990 | -8/Garrison | Triggered checkpoint 9028 | -8/Garrison | Triggered checkpoint 9058 | -8/Garrison | Garrison Relay disabled 9143 | -8/Garrison | Spotted B-75 Beast 9198 | -8/Garrison | Destroyed B-75 Beast 9365 | -8/Garrison | Build established: Bothacker-Tank 9394 | -8/Garrison | Discovered new exit (range 10) 9594 | -8/Garrison | Triggered checkpoint 9619 | -8/Garrison | Core integrity fell below 50% 9672 | -8/Garrison | Triggered checkpoint 9682 | -8/Garrison | Garrison Relay disabled 9897 | -8/Garrison | Entered Factory 9897 | -7/Factory | Accompanied by 3 allies 9897 | -7/Factory | Evolved 2 slots: Propulsion x1, Utility x1 10401 | -7/Factory | Repaired Hrd. Heavy Armor Plating 11255 | -7/Factory | Garrison activated, responded to threat 11318 | -7/Factory | Discovered new exit (range 12) 11362 | -7/Factory | Identified exit to Garrison 11377 | -7/Factory | Build established: Tank 11402 | -7/Factory | Entered Garrison 11402 | -7/Garrison | Warlord forces raided the area 11406 | -7/Garrison | Triggered checkpoint 11514 | -7/Garrison | Triggered checkpoint 11556 | -7/Garrison | Triggered checkpoint 11614 | -7/Garrison | Lost 4 allies 11706 | -7/Garrison | Triggered checkpoint 11716 | -7/Garrison | Triggered checkpoint 11744 | -7/Garrison | Warlord forces retreated 11894 | -7/Garrison | Expanded RIF knowledge: Command Fork 11902 | -7/Garrison | Build established: Scavenger-Tank 11948 | -7/Garrison | Triggered checkpoint 12004 | -7/Garrison | Discovered new exit (range 15) 12082 | -7/Garrison | Phase Generator disabled 12087 | -7/Garrison | Spotted B-75 Beast 12106 | -7/Garrison | Spotted B-75 Beast 12111 | -7/Garrison | Hijacked Beast 4a control node with streamctrl_high 12122 | -7/Garrison | Allies destroyed B-75 Beast 12189 | -7/Garrison | Destroyed Beast 4a 12442 | -7/Garrison | Discovered new exit (range 10) 12486 | -7/Garrison | Triggered checkpoint 12530 | -7/Garrison | Triggered checkpoint 12540 | -7/Garrison | Garrison Relay disabled 12649 | -7/Garrison | Rescued a captive Derelict 12649 | -7/Garrison | Rescued a captive Derelict 12730 | -7/Garrison | Found embedded Infiltrators 13448 | -7/Garrison | Discovered new exit (range 14) 13532 | -7/Garrison | Triggered checkpoint 13554 | -7/Garrison | Garrison Relay disabled 13625 | -7/Garrison | Entered Factory 13625 | -7/Factory | Accompanied by 7 allies 13733 | -7/Factory | Discovered new exit (range 6) 13853 | -7/Factory | Build established: Bothacker-Tank 14279 | -7/Factory | Found Prototype Launcher 14279 | -7/Factory | Identified Rocket Array 14291 | -7/Factory | Found Rocket Array 14500 | -7/Factory | Identified exit to Garrison 14500 | -7/Factory | Entered Garrison 14500 | -7/Garrison | Accompanied by 3 allies 14586 | -7/Garrison | Triggered checkpoint 14612 | -7/Garrison | Garrison Relay disabled 14616 | -7/Garrison | Garrison Relay disabled 14620 | -7/Garrison | P-60 Hacker assimilated allied Gladiator 4b 14628 | -7/Garrison | System corruption reached 10% 14728 | -7/Garrison | Build established: Tank 14742 | -7/Garrison | Triggered checkpoint 14769 | -7/Garrison | Core integrity fell below 50% 14945 | -7/Garrison | Discovered new exit (range 12) 15037 | -7/Garrison | Phase Generator disabled 15061 | -7/Garrison | Build established: Scavenger-Tank 15376 | -7/Garrison | Triggered checkpoint 15400 | -7/Garrison | Build established: Bothacker-Tank 15400 | -7/Garrison | Garrison Relay disabled 15610 | -7/Garrison | Triggered checkpoint 15791 | -7/Garrison | Garrison Relay disabled 15808 | -7/Garrison | Triggered checkpoint 15850 | -7/Garrison | Discovered new exit (range 11) 15889 | -7/Garrison | Rescued a captive Derelict 15900 | -7/Garrison | Rescued a captive Derelict 15964 | -7/Garrison | Lost 3 allies 16226 | -7/Garrison | Discovered new exit (range 14) 16429 | -7/Garrison | Triggered checkpoint 16476 | -7/Garrison | Expanded RIF knowledge: Autoassimilate 16545 | -7/Garrison | Garrison Relay disabled 16709 | -7/Garrison | Entered Factory 16709 | -6/Factory | Evolved 2 slots: Propulsion x1, Utility x1 16930 | -6/Factory | Assembled infested ambush trap array 17059 | -6/Factory | First assault squad dispatched 17385 | -6/Factory | Garrison activated, responded to threat 17601 | -6/Factory | Lost 3 parts (1n2u) 17624 | -6/Factory | Lost 3 allies 17960 | -6/Factory | Sucked down chute 17960 | -6/Factory | Entered Waste 18025 | -6/Waste | Spotted C-40 Crusher 18044 | -6/Waste | Spotted C-40 Crusher 18046 | -6/Waste | Spotted C-40 Crusher 18095 | -6/Waste | Spotted C-40 Crusher 18125 | -6/Waste | Destroyed C-40 Crusher 18180 | -6/Waste | Destroyed C-40 Crusher 18208 | -6/Waste | Found Damper Plating 18219 | -6/Waste | Spotted C-40 Crusher 18238 | -6/Waste | Destroyed C-40 Crusher 18257 | -6/Waste | Spotted C-40 Crusher 18273 | -6/Waste | Destroyed C-40 Crusher 18282 | -6/Waste | Destroyed C-40 Crusher 18584 | -6/Waste | Discovered new exit (range 15) 18631 | -6/Waste | Destroyed C-40 Crusher 18667 | -6/Waste | Entered Factory 18744 | -6/Factory | Identified exit to Garrison 18778 | -6/Factory | Entered Garrison 18850 | -6/Garrison | Triggered checkpoint 18893 | -6/Garrison | Garrison Relay disabled 19120 | -6/Garrison | Triggered checkpoint 19178 | -6/Garrison | Triggered checkpoint 19191 | -6/Garrison | Triggered checkpoint 19252 | -6/Garrison | Destroyed 12 combat bots 19382 | -6/Garrison | Rescued a captive Derelict 19384 | -6/Garrison | Rescued a captive Derelict 19387 | -6/Garrison | Destroyed 7 combat bots 19486 | -6/Garrison | Triggered checkpoint 19488 | -6/Garrison | Discovered new exit (range 10) 19578 | -6/Garrison | Triggered checkpoint 19798 | -6/Garrison | Garrison Relay disabled 19824 | -6/Garrison | Triggered checkpoint 19863 | -6/Garrison | Spotted Executioner 19865 | -6/Garrison | Spotted Executioner 19878 | -6/Garrison | Discovered new exit (range 7) 19904 | -6/Garrison | Found embedded Infiltrators 20031 | -6/Garrison | Garrison Relay disabled 20044 | -6/Garrison | Triggered checkpoint 20117 | -6/Garrison | Build established: Botlord-Tank 20118 | -6/Garrison | Expanded RIF knowledge: Threat Obfuscation 20159 | -6/Garrison | Discovered new exit (range 15) 20195 | -6/Garrison | Garrison Relay disabled 20197 | -6/Garrison | Garrison Relay disabled 20199 | -6/Garrison | Garrison Relay disabled 20208 | -6/Garrison | Garrison Relay disabled 20296 | -6/Garrison | Entered Factory 20296 | -5/Factory | Accompanied by 3 allies 20296 | -5/Factory | Evolved 2 slots: Power x1, Utility x1 20917 | -5/Factory | Discovered new exit (range 10) 21130 | -5/Factory | Identified exit to Garrison 21140 | -5/Factory | Entered Garrison 21260 | -5/Garrison | Triggered checkpoint 21291 | -5/Garrison | Garrison Relay disabled 21572 | -5/Garrison | Triggered checkpoint 21578 | -5/Garrison | Spotted B-75 Beast 21592 | -5/Garrison | Hijacked Beast 6a control node with streamctrl_high 21600 | -5/Garrison | Triggered checkpoint 21746 | -5/Garrison | Spotted B-75 Beast 21895 | -5/Garrison | Discovered new exit (range 14) 21982 | -5/Garrison | Triggered checkpoint 22070 | -5/Garrison | Discovered new exit (range 10) 22130 | -5/Garrison | Triggered checkpoint 22148 | -5/Garrison | Triggered checkpoint 22173 | -5/Garrison | Garrison Relay disabled 22290 | -5/Garrison | Expanded RIF knowledge: Program Shield 22392 | -5/Garrison | Entered Factory 22392 | -5/Factory | Accompanied by 3 allies 23027 | -5/Factory | Garrison activated, responded to threat 23073 | -5/Factory | Lost 3 allies 23084 | -5/Factory | Discovered new exit (range 46) 23130 | -5/Factory | Identified exit to Garrison 23130 | -5/Factory | Entered Garrison 23134 | -5/Garrison | Build established: Bothacker-Tank 23248 | -5/Garrison | Triggered checkpoint 23258 | -5/Garrison | Garrison Relay disabled 23370 | -5/Garrison | Triggered checkpoint 23394 | -5/Garrison | Discovered new exit (range 5) 23487 | -5/Garrison | Triggered checkpoint 23493 | -5/Garrison | Triggered checkpoint 23540 | -5/Garrison | Lost 8 allies 23551 | -5/Garrison | Build established: Botlord-Tank 23560 | -5/Garrison | Triggered checkpoint 23670 | -5/Garrison | Triggered checkpoint 23698 | -5/Garrison | Discovered new exit (range 12) 23809 | -5/Garrison | Garrison Relay disabled 23947 | -5/Garrison | Discovered new exit (range 12) 23986 | -5/Garrison | Triggered checkpoint 24008 | -5/Garrison | Garrison Relay disabled 24438 | -5/Garrison | Triggered checkpoint 24500 | -5/Garrison | Triggered checkpoint 24599 | -5/Garrison | Garrison Relay disabled 24666 | -5/Garrison | Expanded RIF knowledge: Alert ID Control 24700 | -5/Garrison | Rescued a captive Derelict 24701 | -5/Garrison | Rescued a captive Derelict 24777 | -5/Garrison | Discovered new exit (range 13) 24938 | -5/Garrison | Entered Factory 24938 | -5/Factory | Accompanied by 4 allies 25238 | -5/Factory | First assault squad dispatched 25436 | -5/Factory | Lost 6 parts (1p2n2u1w) 25793 | -5/Factory | System corruption reached 10% 25867 | -5/Factory | Build established: Bothacker-Tank 26001 | -5/Factory | Discovered new exit (range 60) 26194 | -5/Factory | Core integrity fell below 50% 26369 | -5/Factory | Build established: Scavenger-Tank 26689 | -5/Factory | Build established: Tank 27060 | -5/Factory | Identified exit to Garrison 27100 | -5/Factory | Entered Garrison 27100 | -5/Garrison | Accompanied by 1 ally 27130 | -5/Garrison | Triggered checkpoint 27158 | -5/Garrison | Phase Generator disabled 27173 | -5/Garrison | Destroyed 9 combat bots 27218 | -5/Garrison | Garrison Relay disabled 27504 | -5/Garrison | Spotted B-75 Beast 27538 | -5/Garrison | Destroyed B-75 Beast 27554 | -5/Garrison | Triggered checkpoint 27554 | -5/Garrison | Triggered checkpoint 27557 | -5/Garrison | Triggered checkpoint 27605 | -5/Garrison | Destroyed 12 combat bots 27606 | -5/Garrison | Core integrity fell below 20% 27650 | -5/Garrison | Lost 4 parts (2n2u) 27961 | -5/Garrison | Discovered new exit (range 8) 27981 | -5/Garrison | Entered Factory 27981 | -4/Factory | Evolved 2 slots: Utility x2 28071 | -4/Factory | Build established: Scavenger-Gunner 28493 | -4/Factory | Garrison activated, responded to threat 28530 | -4/Factory | Identified exit to Garrison 28530 | -4/Factory | Entered Garrison 28596 | -4/Garrison | Triggered checkpoint 28638 | -4/Garrison | Garrison Relay disabled 28801 | -4/Garrison | Triggered checkpoint 28822 | -4/Garrison | Destroyed 10 combat bots 28823 | -4/Garrison | Core integrity fell below 50% 28833 | -4/Garrison | System corruption reached 10% 28845 | -4/Garrison | Core integrity fell below 20% 28879 | -4/Garrison | Destroyed by G-67 Veteran with Field Laser Last Messages --------------- 28845_ The unstable cave ceiling collapses. 28847_ Acquired Flexi-carbon Leg. 28848_ Flexi-carbon Leg destroyed. 28849_ The unstable cave ceiling collapses. 28851_ System corrupted: Energy discharge (-25). 28851_ The unstable cave ceiling collapses. 28854_ Acquired 32 matter. 28856_ The unstable cave ceiling collapses. 28859_ S-27 Virus destroyed. 28859_ P-70 Sage destroyed. 28861_ The unstable cave ceiling collapses. 28861_ G-67 Veteran destroyed. 28861_ P-70 Sage destroyed. 28861_ G-67 Veteran destroyed. 28864_ The unstable cave ceiling collapses. 28868_ Acquired 99 matter. 28869_ The unstable cave ceiling collapses. 28872_ System corrupted: Hvy. Rocket Launcher rejected. 28876_ Hvy. Plasma Cannon destroyed. 28877_ System corrupted: KE Penetrator jammed. Map ----- +----------------------------------------------------+ | ?????????????????????????????????????????????????? | | ?????????????????????????????????????????????????? | | ?????????????????????????????????????????????????? | | ?????????????????????????????????????????????????? | | ?????????????????????????????????????????????????? | | ????????????????????????? ???????????????????????? | | ???????????????????? ???? ???????????????????????? | | ?????????????????# ??## ##?????????????????????? | | ??????????????? ? ##????????????????????? | | ???????????????? ?????????????????????? | | ????????????? ?? ?????????????????????? | | ????????????# ?# # ?????????????????????? | | ????????????# ## ## ###???????????????????? | | ????????????" ^ #???????????????????? | | ????????????" ^ #???????????????????? | | ?????????????? ^^ ??????????????###???? | | ???????????????? ^ ?????????????###"#???? | | ????????????# ???# ^^ ##????????????#"# #???? | | ??????????### ## ##???????????#" #???? | | ????????? ####????????# #???? | | ????????? [ #????????#" #???? | | ????????????# g ## #????????#"# #???? | | ????????????######= #[ = #??????????### #???? | | ?????????????????# ?#[[ ! #?????????????# ###?? | | ?????????????????###### = [ ##????????????# #?? | | ???????????????????## %@! #????????????# #?? | | ???????????????????# =* # #????????????# #?? | | ???????????????????# # #????????????# ###?? | | ???????????????????# ##????????????# #???? | | ???????????????????## # # ###########???# #???? | | ????????????????????# #???# #???? | | ????????????????????### ^^ ##### #???? | | ???????????????????? # ####### #???? | | ???????????????????# ?????# #######???? | | ???????????????????# # # ????# #?????????? | | ???????????????????## #### #???# #?????????? | | ????????????????????## # ???# #?????????? | | ????????????????????# ## #??# ###???????? | | ????????????????????######??##??##??# #???????? | | ????????????????????????????????????# #???????? | | ????????????????????????????????????# #???????? | | ????????????????????????????????????######???????? | | ?????????????????????????????????????????????????? | | ?????????????????????????????????????????????????? | | ?????????????????????????????????????????????????? | | ?????????????????????????????????????????????????? | | ?????????????????????????????????????????????????? | | ?????????????????????????????????????????????????? | | ?????????????????????????????????????????????????? | | ?????????????????????????????????????????????????? | +----------------------------------------------------+ Best States ------------- Heat Dissipation 124 Coolant Potential 65 Energy Generation 39 Energy Capacity 565 Matter Stores 300 Matter Capacity 300 Sight Range 16 Terrain Scan Density 210 Jamming Range 14 Base Temperature (-) 200 Armor Coverage 825 Resistance: KI 30 Resistance: TH 25 Core Shielding 30 Point Defense Rating 80 Evasion (%) 40 Targeting Accuracy 5 Melee Accuracy 5 Armor Integrity Analysis 40 Recoil Reduction 5 Salvage Targeting 3 Defensive Hacking 14 Relay Coupler Types 4 Relay Coupler Value 87 Item Schematics ----------------- Huge Storage Unit | -9/Materials | Hacked Robot Schematics ------------------ None Fabricated ------------ Nothing Alien Tech Used ----------------- None Achievements -------------- None Challenges ------------ None Game ------ Seed SpliceCannonSuperbattery Manual? 0 Play Time 04:25:16 Cumulative 94.9 hours Start 2024.09.05 @ 16:25:06 End 2024.09.05 @ 20:58:43 Sessions 1 Manual Loads 0 Difficulty Rogue Special Mode None Game No. 52 Rogue 52 Adventurer 0 Explorer 0 Win Type - Total 3 Types 1/0/0/2/0/0/0/0/0 Lore% 46 Gallery% 62 Achievement% 54 Wizard Run 0 Options --------- Layout 0 ASCII 0 Keyboard 0 Movement Numpad Keybinds 0 Fullscreen 1 Font 18/X11 Map View 76x50 Zoom Use 0% Tactical HUD 1 Map Filters NONE Filters NONE Steam 1 RUN: 0f353b64-3297-464a-af04-cde5e8d77e0e